Match 39968952
Unlisted

Match 39968952
End
Engineer Squad
Construct Weapon Support Center
M1919 Machine Gun Team
Selects Heavy Weapons
Construct Barracks
Riflemen Squad
Riflemen Squad
Selects M2HB .50cal Heavy Machine Gun
Selects Assault Carriers
Infantry Support Center
Riflemen Squad
M3 Assault Carrier
M1918 Browning Automatic Rifles
M3 Assault Carrier
Selects Exchangeable Parts
Grenade Package
Construct Medical Station
janemba914
syvorov-ss
Sauzer88
[LoB]Fagio
0
0

Comments sign in to comment!

No comments posted yet!